 Dungeon Crawl Stone Soup version 0.27-a0-1312-g5cdb2b3542 (webtiles) character file.

Game seed: 12093496363083367334

69 Anselmus the Skirmisher (level 4, -10/37 HPs)
             Began as a Demonspawn Monk on June 18, 2021.
             Was a Priest of Qazlal.
             Shot themself with a cutting wind (11 damage)
             ... on level 3 of the Dungeon on June 19, 2021.
             The game lasted 00:07:01 (1995 turns).

Anselmus the Skirmisher (Demonspawn Monk)           Turns: 1995, Time: 00:07:02

Health: -10/37     AC:  2    Str: 13      XL:     4   Next: 2%
Magic:  5/5        EV: 12    Int:  8 (11) God:    Qazlal [***...]
Gold:   76         SH:  4    Dex: 14 (15) Spells: 3/3 levels left

rFire    . . .     SeeInvis .   a - +0 mace
rCold    . . .     Faith    .   (no shield)
rNeg     . . .     Spirit   .   b - +0 robe
rPois    .         Reflect  .   (no helmet)
rElec    .         Harm     .   (no cloak)
rCorr    .         Rampage  .   (no gloves)
Will     .....                  (no boots)
Stlth    +.........             (no amulet)
HPRegen  0.12/turn              (no ring)
MPRegen  0.09/turn              (no ring)

@: no status effects
A: talons 1, demonic magic 1
a: Renounce Religion, Upheaval, Elemental Force


You were on level 3 of the Dungeon.
You worshipped Qazlal.
Qazlal was most pleased with you.
You visited 1 branch of the dungeon, and saw 3 of its levels.

You collected 76 gold pieces.

Inventory:

Hand Weapons
 a - a +0 mace (weapon)
Missiles
 f - 3 curare-tipped darts (quivered)
Armour
 b - a +0 robe (worn)
Scrolls
 c - 2 scrolls of teleportation {unknown}
 d - 2 scrolls of fog {unknown}
 e - a scroll of blinking {unknown}
 g - 2 scrolls of vulnerability {unknown}
 j - a scroll of fear {unknown}
 l - a scroll of magic mapping {unknown}
Potions
 h - a potion of flight
 i - a potion of magic {unknown}


   Skills:
 + Level 3.8 Fighting
 + Level 3.4 Maces & Flails
 - Level 2.6 Dodging
 - Level 1.7 Stealth
 + Level 2.1 Invocations


You had 3 spell levels left.
You didn't know any spells.
Your spell library was empty.

Dungeon Overview and Level Annotations

Branches:
Dungeon (3/15)

Altars:
Qazlal


Innate Abilities, Weirdness & Mutations

You have sharp toenails.
Spells you cast may paralyse adjacent enemies.


Message History

You are too injured to fight recklessly!
You are too injured to fight recklessly!
You are too injured to fight recklessly!
You are too injured to fight recklessly!
You are too injured to fight recklessly!
You are too injured to fight recklessly!
You are too injured to fight recklessly!
The orc barely misses you. The orc barely misses you.
The adder closely misses you.
You barely miss the adder. You claw the adder.
The adder is heavily wounded.
The adder closely misses you. The orc hits you with a +0 flail.
* * * LOW HITPOINT WARNING * * *
The adder bites you.
* * * LOW HITPOINT WARNING * * *
You hit the adder.
The adder is almost dead.
The orc barely misses you. The adder bites you.
* * * LOW HITPOINT WARNING * * *
The dart slug closely misses you.
You hit the adder.
You kill the adder!
Qazlal accepts your kill. The dart slug launches a dart at you.
The slug dart misses you. You block the orc's attack.
Your Invocations skill increases to level 2!
You have reached level 4!
You feel stronger.
Your demonic ancestry asserts itself...
A menacing aura infuses your magic.
Okay, then.
Aiming: Upheaval
Press: ? - help, Dir - move target, f - orc
Aim: an orc, wielding a +0 hand axe and wearing a +0 leather armour That beam is likely to hit you.
Continue anyway?
A storm cloud blasts the area with cutting wind!
The cutting wind hits the orc!!
You kill the orc!
Qazlal accepts your kill. The cutting wind hits you!
You die...

#..........###.....#
#.)................
##......).####.##...
#..........# ......
#..........## ......
#...........##......
#...................
#........§.#........
##.......@o.........
##......w§##....#..
######...# ##.....
#.).# .....
#.)..........
#..?.........
#............
#..........
#..........


You could see a dart slug and an orc.

Vanquished Creatures
  2 adders
  2 dart slugs
  4 orcs (D:3)
  5 ball pythons
  6 bats
  2 endoplasms (D:1)
  A giant cockroach (D:2)
  A goblin (D:3)
  5 hobgoblins
  3 jackals (D:2)
  3 kobolds
  3 frilled lizards
  3 rats
40 creatures vanquished.

Notes
Turn   | Place    | Note
-------+----------+-------------------------------------------
     0 | D:1      | Anselmus the Demonspawn Monk began the quest for the Orb.
     0 | D:1      | Reached XP level 1. HP: 18/18 MP: 1/1
   190 | D:1      | Gained mutation: You have sharp toenails. [demonic
                  | ancestry]
   190 | D:1      | Reached XP level 2. HP: 14/24 MP: 2/2
   402 | D:1      | Found a faded altar of an unknown god.
   405 | D:1      | Became a worshipper of Qazlal Stormbringer
   405 | D:1      | Reached * piety under Qazlal
   405 | D:1      | Reached ** piety under Qazlal
   669 | D:1      | Upgraded the game from 0.27-a0-1302-g7736ffe575 to
                  | 0.27-a0-1312-g5cdb2b3542
   810 | D:1      | Reached *** piety under Qazlal
  1051 | D:2      | Reached skill level 1 in Invocations
  1240 | D:2      | Reached XP level 3. HP: 4/29 MP: 2/4
  1992 | D:3      | HP: 1/30 [adder (1)]
  1995 | D:3      | Gained mutation: Spells you cast may paralyse adjacent
                  | enemies. [demonic ancestry]
  1995 | D:3      | Reached XP level 4. HP: 1/37 MP: 5/5
  1995 | D:3      | Shot themself with a cutting wind

Illustrated notes

Levels and vault maps discovered:
D:1:      saegor_arrival_simple_b, layout_basic, basic_ecumenical_altar
D:2:      layout_loops_ring
D:3:      layout_rooms, gammafunk_temple_overflow_pools, uniq_grinder,
          uniq_terence

Skill      XL: |  1  2  3 |
---------------+----------+-----
Maces & Flails | 3 |  3.4
Invocations    | 1 2 |  2.1
Fighting       | |  3.8
Dodging        | |  2.6
Stealth        | |  1.7

Action                   |  1- 3 |  4- 6 || total
-------------------------+-------+-------++-------
Melee: Mace              |    98 |       ||    98
       Kick              |    16 |       ||    16
  Use: Potion            |     4 |       ||     4
 Stab: Sleeping          |     2 |       ||     2
Armor: Robe              |    21 |       ||    21
Dodge: Dodged            |    88 |       ||    88
Block: Other             |    25 |       ||    25

Table legend: (Time is in decaauts)
 A = Elapsed time spent in this place.
 B = Non-inter-level travel time spent in this place.
 C = Inter-level travel time spent in this place.
 D = Time resting spent in this place.
 E = Time spent auto-exploring this place.
 F = Levels seen in this place.
 G = Mean time per level.
                   A        B        C        D        E       F      G
               +--------+--------+--------+--------+--------+-----+--------+
         Total |   2018 |   1980 |     38 |      0 |   1708 |   3 |  672.7 |
       Dungeon |   2018 |   1980 |     38 |      0 |   1708 |   3 |  672.7 |
               +--------+--------+--------+--------+--------+-----+--------+

Top non-repeatable levels by time:
     D:1: 1003 daAuts
     D:2: 962 daAuts
     D:3: 53 daAuts
